 Dungeon Sprint DCSS version 0.29.1-15-g9cfb28693d (webtiles) character file.

Game seed: 16318590166192294610

81 Ast3rio the Chopper (level 4, -5/42 HPs)
             Began as a Minotaur Berserker on Mar 14, 2023.
             Was a Believer of Trog.
             Slain by a deep elf pyromancer
             ... wielding a +0 long sword of holy wrath
              (12 damage)
             ... in the Dungeon (Sprint III: "The Ten Rune Challenge").
             The game lasted 00:01:38 (426 turns).

Ast3rio the Chopper (Minotaur Berserker)             Turns: 426, Time: 00:01:39

Health: -5/42      AC:  2    Str: 24    XL:     4   Next: 19%
Magic:  3/3        EV: 12    Int:  4    God:    Trog [**....]
Gold:   26         SH:  0    Dex:  9    Spells: 3/3 levels left

rFire   . . .      SeeInvis .   a - +0 hand axe
rCold   . . .      Faith    .   (no shield)
rNeg    . . .      Spirit   .   b - +0 animal skin
rPois   .          Reflect  .   (helmet restricted)
rElec   .          Harm     .   (no cloak)
rCorr   .          Rampage  .   (no gloves)
Will    .....      NoTele   +   (no boots)
Stlth   +.........              (no amulet)
HPRegen 0.14/turn               (no ring)
MPRegen 0.08/turn               (no ring)

@: on fire, on berserk cooldown, slowed, glowing, very slow
A: horns 2, retaliatory headbutt, frail 1
a: Renounce Religion, Berserk, Trog's Hand


You were in the Dungeon.
You worshipped Trog.
Trog was pleased with you.
You visited 1 branch You collected 26 gold pieces.

Inventory:

Hand Weapons
 a - a +0 hand axe (weapon)
Armour
 b - a +0 animal skin (worn)
Scrolls
 h - a scroll of blinking
 i - a scroll of immolation {unknown}
 j - 2 scrolls of identify {unknown}
 l - a scroll of torment {unknown}
Potions
 c - a potion of curing
 d - a potion of heal wounds
 e - a potion of haste
 f - 2 potions of magic
 g - a potion of berserk rage
 k - 3 potions of flight
 m - 4 potions of mutation


   Skills:
 + Level 7.1 Fighting
 + Level 7.1 Axes
 + Level 4.0 Armour
 + Level 3.8 Dodging


You had 3 spell levels left.
You didn't know any spells.
Your spell library was empty.

Dungeon Overview and Level Annotations

Branches:
Dungeon (1/1)

Altars:
Elyvilon
Zin
The Shining One


Innate Abilities, Weirdness & Mutations

You have a pair of horns on your head.
You reflexively headbutt those who attack you in melee.
You are frail. (-10% HP)


Message History

You are exhausted.
You feel yourself slow down.
There is a fountain of clear blue water here.
You start resting.
You feel yourself speed up.
You start resting.
You recover from your berserk rage.
You start resting.
HP restored.
You start waiting.
You start waiting.
Done waiting.
Okay, then.
As you open the door, it creaks loudly!
You hear a shout!
Found three altars.
A red film seems to cover your vision as you go berserk!
You feel yourself moving faster!
You feel mighty!
A deep elf pyromancer comes into view.
It is wielding a +0 long sword of holy wrath.
You feel a strong urge to attack something.
The deep elf pyromancer barely misses you.
There is an open door here.
You slash the deep elf pyromancer!
The deep elf pyromancer is moderately wounded.
The deep elf pyromancer gestures wildly while chanting.
The deep elf pyromancer blinks!
You feel a strong urge to attack something.
The deep elf pyromancer points at you and mumbles some strange words.
The bolt of fire hits you!!
You feel your anger nearly subside.
You are no longer berserk.
You are exhausted.
You feel yourself slow down.
The deep elf pyromancer gestures at you while chanting.
The sticky flame hits you!
You are covered in liquid flames!
You closely miss the deep elf pyromancer.
The deep elf pyromancer is moderately wounded.
You are covered in liquid flames!
* * * LOW HITPOINT WARNING * * *
The deep elf pyromancer hits you with a +0 long sword of holy wrath!
You die...

▓▓▓▓ ▓▓▓ [..####
##.#####
......#####..#___#
....†..#..#..#..@#
#.##...#..#..###e#+###+#
#.###..##'#..#..........
##.##..###...'.⌠........
..##.†####...#...######+
..##..###....#.⌠.#
.##...##.....#...#
##....#......#+###
##..##.#.....#


You could see a deep elf pyromancer.

Vanquished Creatures
  A water elemental (D)
  A human (D)
  A phantom (D)
  4 rats (D)
7 creatures vanquished.

Notes
Turn   | Place    | Note
-------+----------+-------------------------------------------
     0 | D        | Ast3rio the Minotaur Berserker began the quest for the Orb.
     0 | D        | Reached XP level 1. HP: 19/19 MP: 0/0
    56 | D        | Reached ** piety under Trog
   117 | D        | Reached skill level 5 in Fighting
   117 | D        | Reached skill level 5 in Axes
   117 | D        | Reached XP level 2. HP: 29/29 MP: 1/1
   164 | D        | Gained mutation: You have hidden genetic defects. [potion
                  | of mutation]
   164 | D        | Gained mutation: You are frail. (-10% HP) [potion of
                  | mutation]
   164 | D        | Lost mutation: You have hidden genetic defects. [potion of
                  | mutation]
   190 | D        | Noticed a water elemental
   194 | D        | Killed a water elemental
   195 | D        | Reached XP level 3. HP: 35/35 MP: 2/2
   195 | D        | Reached XP level 4. HP: 42/42 MP: 3/3
   417 | D        | Found a glowing silver altar of Zin.
   417 | D        | Found a glowing golden altar of the Shining One.
   417 | D        | Found a white marble altar of Elyvilon.
   418 | D        | Noticed a deep elf pyromancer
   426 | D        | Slain by a deep elf pyromancer

Illustrated notes

Levels and vault maps discovered:
D:        dungeon_sprint_mu [sprint_mu_entry_cave, sprint_mu_temple_rooms,
          sprint_mu_d1_horrors, sprint_mu_d2_genie, sprint_mu_d3_branching,
          sprint_mu_orc_legion, sprint_mu_elf_gauntlet, sprint_mu_hive_nellie,
          sprint_mu_lair_fedhas, sprint_mu_vaults_butterflies,
          sprint_mu_slime_circle, sprint_mu_shoals_kraken,
          sprint_mu_snake_twists, sprint_mu_blade_basic, sprint_mu_crypt_lich,
          sprint_mu_tomb_spiral, sprint_mu_vestibule_basic,
          sprint_mu_gehenna_hellfire, sprint_mu_dis_giant,
          sprint_mu_tartarus_statrot, sprint_mu_cocytus_islands, sprint_mu_zot1]

Skill      XL: |  1  2 |
---------------+-------+-----
Fighting       | 5 7 |  7.1
Axes           | 5 7 |  7.1
Armour         | 3 4 |  4.0
Dodging        | 3 |  3.8

Action                   |  1- 3 |  4- 6 || total
-------------------------+-------+-------++-------
Melee: Hand axe          |    13 |     2 ||    15
       Headbutt          |     3 |       ||     3
Invok: Berserk           |     2 |     1 ||     3
  Use: Potion            |     1 |       ||     1
Armor: Animal skin       |     1 |       ||     1
Dodge: Dodged            |    10 |     1 ||    11
